 Dungeon Crawl Stone Soup version 0.20-a0-1086-g4bd2f5b (webtiles) character file.

5198 FastMan the Cleaver (level 10, -1/92 HPs)
             Began as a Minotaur Berserker on May 1, 2017.
             Was a High Priest of Trog.
             Killed from afar by an electric eel (8 damage)
             ... with a bolt of electricity
             ... on level 9 of the Dungeon.
             The game lasted 00:05:47 (6512 turns).

FastMan the Cleaver (Minotaur Berserker)            Turns: 6512, Time: 00:05:48

Health: -1/92      AC: 11    Str: 24    XL:     10   Next: 34%
Magic:  9/9        EV:  4    Int:  4    God:    Trog [*****.]
Gold:   465        SH: 17    Dex: 11    Spells: 9/9 levels left

rFire    . . .     SeeInvis +   a - +0 broad axe
rCold    + . .     Gourm    .   i - +0 large shield
rNeg     . . .     Faith    +   l - +0 plate armour
rPois    .         Spirit   .   (helmet restricted)
rElec    .         Reflect  .   h - scarf {rC+}
rCorr    .         Harm     .   (no gloves)
MR       .....                  (no boots)
Stlth    ..........             k - amulet of faith
Regen    0.3/turn               q - ring of see invisible
MPRegen  0.2/turn               (no ring)

@: about to teleport
A: retaliatory headbutt, horns 2
a: Berserk, Trog's Hand, Brothers in Arms, Burn Spellbooks, Renounce Religion


You were on level 9 of the Dungeon.
You worshipped Trog.
Trog was extremely pleased with you.
You were not hungry.

You visited 1 branch of the dungeon, and saw 9 of its levels.

You collected 465 gold pieces.

Inventory:

Hand Weapons
 a - a +0 broad axe (weapon)
Armour
 h - a scarf of cold resistance (worn)
 i - a +0 large shield (worn)
 l - a +0 plate armour (worn)
Jewellery
 k - an amulet of faith (around neck)
 n - an uncursed amulet of the gourmand {unknown}
 q - a ring of see invisible (left hand)
 F - a +6 amulet of reflection {unknown}
 G - an uncursed ring of fire
Scrolls
 b - a scroll of recharging {unknown}
 d - 3 scrolls of teleportation {@r3}
 m - a scroll of noise {unknown}
 o - a scroll of magic mapping
Potions
 e - 2 potions of invisibility {unknown}
 g - 2 potions of agility {@q5}
 p - a potion of berserk rage
 r - a potion of mutation
 t - a potion of haste {@q3}
 v - a potion of ambrosia {unknown}
 w - a potion of resistance
Comestibles
 c - 11 bread rations {@e1}
 f - 7 fruits {@e4}
 j - 12 chunks of flesh
 x - 2 royal jellies {@e3}


   Skills:
 + Level 9.6 Fighting
 * Level 13.2 Axes
 - Level 2.4 Armour
 - Level 2.1 Dodging
 + Level 9.1 Shields


You had 9 spell levels left.
You didn't know any spells.

Dungeon Overview and Level Annotations

Branches:
Dungeon (9/15)             Temple (0/1) D:6            Lair (0/6) D:9
    Orc: D:9-12

Altars:
Gozag
Qazlal
The Shining One


Innate Abilities, Weirdness & Mutations

You reflexively headbutt those who attack you in melee.
You have a pair of horns on your head.


Message History

The bolt of electricity hits you!
* * * LOW HITPOINT WARNING * * *
Found 25 gold pieces and a potion of flight.
Unknown command.
Unknown command.
Unknown command.
Unknown command.
As you read the scroll of teleportation {@r3}, it crumbles to dust.
You feel strangely unstable. You block the ice dragon's attack.
The ice dragon claws you!
* * * LOW HITPOINT WARNING * * *
The ice dragon tramples you.
* * * LOW HITPOINT WARNING * * *
You stumble backwards!
The electric eel shoots out a bolt of lightning at you!
The bolt of electricity hits you!
* * * LOW HITPOINT WARNING * * *
The electric eel shoots out a bolt of lightning at you!
The bolt of electricity hits you!
You die...

#.## #..#
##(.##
##....##
#......#
#......##
##/......#
#........#
#..@...≈≈##
#...D.≈≈≈≈#
#;..;≈≈≈≈≈#
#≈≈≈≈≈≈.≈≈#
≈≈≈≈≈≈≈...##
#≈≈≈≈≈≈≈...#
#≈≈≈≈≈≈≈$$..#
#≈≈≈≈≈≈≈$$?.#
#≈≈≈≈≈≈≈≈$$!#


You could see an ice dragon and 2 electric eels.

Vanquished Creatures
  The ghost of mibe the Cleaver, a novice FoGl of Makhleb (D:8)
  A troll (D:9)
  A hippogriff (D:7)
  Sigmund (D:3)
  A spriggan (D:7)
  Menkaure (D:7)
  Edmund (D:5)
  2 orc warriors (D:7)
  3 sky beasts
  A hornet zombie (D:8)
  6 centaurs
  2 ogres
  2 phantoms
  2 big kobolds
  6 bullfrogs
  2 scorpions
  9 wights
  7 killer bees (D:7)
  4 howler monkeys
  6 crimson imps
  3 hounds
  3 orc priests
  2 jellies
  6 orc wizards
  5 worker ants
  A worker ant zombie (D:8)
  A howler monkey skeleton (D:7)
  4 adders
  5 gnolls
  2 worms
  2 dart slugs
  6 leopard geckos
  23 orcs
  4 bats
  4 giant cockroaches
  5 goblins
  2 hobgoblins
  4 jackals (D:2)
  A quokka (D:2)
  2 ball pythons
  4 frilled lizards
  A jackal zombie (D:5)
  12 kobolds
  A leopard gecko skeleton (D:5)
  4 rats
166 creatures vanquished.

Notes
Turn   | Place    | Note
-------+----------+-------------------------------------------
     0 | D:1      | FastMan the Minotaur Berserker began the quest for the Orb.
     0 | D:1      | Reached XP level 1. HP: 19/19 MP: 0/0
    53 | D:1      | Reached skill level 4 in Axes
    96 | D:1      | Reached XP level 2. HP: 25/27 MP: 1/1
   467 | D:1      | Reached XP level 3. HP: 27/33 MP: 2/2
   608 | D:2      | Reached skill level 1 in Shields
   738 | D:2      | Reached ** piety under Trog
   934 | D:3      | Noticed Sigmund
   946 | D:3      | Killed Sigmund
   946 | D:3      | Reached skill level 5 in Fighting
   946 | D:3      | Reached skill level 6 in Axes
   946 | D:3      | Reached XP level 4. HP: 9/42 MP: 3/3
   946 | D:3      | Reached XP level 5. HP: 11/48 MP: 4/4
  1686 | D:4      | Reached XP level 6. HP: 54/56 MP: 5/5
  2713 | D:5      | Entered Level 5 of the Dungeon
  2773 | D:5      | Found an opulent altar of Gozag.
  2818 | D:5      | Noticed Edmund
  2836 | D:5      | Killed Edmund
  2836 | D:5      | Reached skill level 7 in Axes
  2883 | D:5      | Reached XP level 7. HP: 50/61 MP: 6/6
  3262 | D:5      | Reached skill level 8 in Axes
  3448 | D:6      | Reached skill level 5 in Shields
  3499 | D:6      | Found a staircase to the Ecumenical Temple.
  3663 | D:6      | Reached XP level 8. HP: 59/71 MP: 7/7
  3898 | D:7      | Reached skill level 9 in Axes
  3911 | D:7      | Found a stormy altar of Qazlal.
  4212 | D:7      | Reached *** piety under Trog
  4212 | D:7      | Reached skill level 10 in Axes
  4263 | D:7      | Reached XP level 9. HP: 50/81 MP: 8/8
  4429 | D:7      | Reached skill level 11 in Axes
  4460 | D:7      | Noticed Menkaure
  4466 | D:7      | Killed Menkaure
  4706 | D:7      | Found a glowing golden altar of the Shining One.
  5139 | D:8      | Reached skill level 12 in Axes
  5146 | D:8      | Reached **** piety under Trog
  5615 | D:8      | Noticed mibe's ghost (novice FoGl)
  5626 | D:8      | Reached XP level 10. HP: 79/91 MP: 9/9
  5636 | D:8      | Killed mibe's ghost
  6040 | D:9      | Reached skill level 13 in Axes
  6380 | D:9      | Found a staircase to the Lair.
  6442 | D:9      | Reached ***** piety under Trog
  6508 | D:9      | Noticed an ice dragon
  6512 | D:9      | Killed from afar by an electric eel

Vault maps used:
D:1:      elethiomel_arrival_shortcut, nrook_uturn, hex_large,
          minmay_tree_intersection
D:3:      uniq_sigmund
D:4:      first_bread
D:5:      nicolae_gozag_cash_rules_everything_around_me,
          gammafunk_temple_overflow_wave, hex_tiny, uniq_edmund
D:6:      minmay_temple_entry_overgrown
D:7:      lemuel_round_altar, the_bakery, nicolae_tso_carved_into_rock,
          uniq_menkaure
D:8:      onia_ninara_dug_in_and_dangerous
D:9:      dragon1_lemuel, amethyst_overflow_temple_binary, lair_entry_dummy

Skill      XL: |  1  2  3  4  5  6  7  8  9 10 |
---------------+-------------------------------+-----
Axes           | 4 6 7 8 10 12 13 | 13.2
Fighting       | 4 5 6 7 9 |  9.6
Shields        | 2 3 4 5 6 8 9 |  9.1
Armour         | |  2.4
Dodging        | |  2.1

Action                   |  1- 3 |  4- 6 |  7- 9 | 10-12 || total
-------------------------+-------+-------+-------+-------++-------
Melee: Hand axe          |    78 |    66 |       |       ||   144
       Headbutt          |     9 |    15 |    44 |    15 ||    83
       Broad axe         |       |    15 |   264 |    63 ||   342
Invok: Berserk           |     1 |     1 |     8 |     1 ||    11
       Trog's Hand       |       |       |     1 |       ||     1
  Use: Scroll            |       |       |    10 |     1 ||    11
       Potion            |       |       |     4 |       ||     4
  Eat: Chunk             |       |     7 |     8 |     5 ||    20
       Bread ration      |       |       |     1 |       ||     1
       Meat ration       |       |       |     1 |       ||     1
Armor: Animal skin       |    16 |     3 |       |       ||    19
       Chain mail        |       |    11 |    43 |       ||    54
       Skin              |       |       |    39 |       ||    39
       Plate armour      |       |       |    63 |    16 ||    79
Dodge: Dodged            |    33 |     9 |    34 |     6 ||    82
Block: Shield            |     9 |       |       |       ||     9
       Large shield      |    35 |    57 |   264 |    57 ||   413
